[Event "Titled Tuesday Blitz August 08 Late 2023"]
[White "Korchmar, Vasiliy"]
[Black "Domingo Nunez, Alejandro"]
[WhiteFideId "24131750"]
[BlackFideId "22245561"]
[WhiteElo "2718"]
[BlackElo "2518"]
[Result "1-0"]
[Round "4"]
[TimeControl "180+1"]
[Date "2023.08.08"]
[WhiteClock "0:01:29"]
[BlackClock "0:00:02"]
[Board "60"]

1. e4 g6 2. d4 Bg7 3. c3 c6 4. Bd3 d5 5. e5 f6 6. exf6 Nxf6 7. Nf3 Bg4 8. h3 Bxf3 9. Qxf3 O-O 10. Qe2 Qd6 11. O-O Nbd7 12. b3 Rae8 13. Ba3 Qf4 14. Nd2 Rf7 15. Nf3 e5 16. Bc1 Nh5 17. Bxf4 Nxf4 18. Qd2 e4 19. Ng5 Rf5 20. Nxe4 dxe4 21. Bc4+ Kh8 22. Rae1 Bh6 23. Qc2 Nf6 24. Kh2 Rh5 25. Be2 Rg5 26. g3 N4d5 27. c4 Nb4 28. Qd2 a5 29. f4 exf3 30. Bxf3 Rge5 31. Qxh6 Rxe1 32. Rxe1 Rxe1 33. Qf8+ Ng8 34. Bg4 Nxa2 35. d5 cxd5 36. cxd5 Nc3 37. Be6 Re2+ 38. Kg1 1-0


[Site "https://www.chess.com"]

[Event "Titled Tuesday Blitz August 08 Late 2023"]
[White "carokannlover213"]
[Black "Kozusek, Daniel"]
[BlackFideId "349500"]
[WhiteElo "2718"]
[BlackElo "2515"]
[Result "1-0"]
[Round "4"]
[TimeControl "180+1"]
[Date "2023.08.08"]
[WhiteClock "0:00:11"]
[BlackClock "0:00:51"]
[Board "61"]

1. e4 c6 2. Nf3 d5 3. d3 dxe4 4. dxe4 Qxd1+ 5. Kxd1 Nf6 6. Nfd2 g6 7. f3 Bh6 8. c3 O-O 9. Nc4 Bxc1 10. Kxc1 Be6 11. Nbd2 Nbd7 12. Kc2 Rfd8 13. Be2 b5 14. Na5 Rac8 15. a4 Rc7 16. axb5 cxb5 17. Bxb5 Nc5 18. Nc6 Rxd2+ 19. Kxd2 a6 20. e5 Nb3+ 21. Ke2 Nxa1 22. exf6 exf6 23. Rxa1 axb5 24. Nd4 Bc4+ 25. Kd2 Rd7 26. Kc2 b4 27. Ra4 b3+ 28. Nxb3 Bf1 29. g3 Bd3+ 30. Kc1 Be2 31. Nd4 Bd3 32. b4 Re7 33. Kd2 Bc4 34. Ra8+ Kg7 35. Rc8 Ba6 36. Rc6 Bb7 37. Rc5 Rd7 38. b5 Bxf3 39. Kd3 Bg2 40. c4 Bf1+ 41. Kc3 Re7 42. b6 Bg2 43. Rc7 Re3+ 44. Kb4 Re1 45. b7 Rb1+ 46. Nb3 Bxb7 47. Rxb7 Rb2 48. c5 Rxh2 49. c6 Rc2 50. c7 Rc6 51. Kb5 Rc1 52. Nc5 Rb1+ 53. Kc6 Rc1 54. c8=Q 1-0


[Site "https://www.chess.com"]

[Event "Titled Tuesday Blitz August 08 Late 2023"]
[White "Alex_Sahakyan2006"]
[Black "Geivondian, Arman"]
[BlackFideId "24102032"]
[WhiteElo "2716"]
[BlackElo "2514"]
[Result "1-0"]
[Round "4"]
[TimeControl "180+1"]
[Date "2023.08.08"]
[WhiteClock "0:00:12"]
[BlackClock "0:00:12"]
[Board "62"]

1. e4 c6 2. Nf3 d5 3. exd5 cxd5 4. Ne5 Nc6 5. Bb5 Bd7 6. Nxd7 Qxd7 7. d4 e6 8. c3 Bd6 9. O-O a6 10. Bd3 Nge7 11. Nd2 O-O 12. Re1 Rfe8 13. Nf3 Ng6 14. g3 f6 15. h4 Re7 16. h5 Nf8 17. Bc2 Rd8 18. Kg2 Qe8 19. Nh4 b5 20. a3 Bb8 21. Qg4 Kh8 22. Qf3 Qf7 23. Ng6+ Nxg6 24. hxg6 hxg6 25. Rh1+ Kg8 26. Qg4 f5 27. Qh4 Qf8 28. Bg5 Kf7 29. Rae1 Na5 30. g4 Rde8 31. gxf5 exf5 32. Bxf5 gxf5 33. Qh5+ Kg8 34. Qh7+ Kf7 35. Qxf5+ Kg8 36. Qxf8+ Kxf8 37. Bxe7+ Kf7 38. Bg5 Rc8 39. f4 Bd6 40. Kf3 Nc4 41. Re2 a5 42. Kg4 b4 43. axb4 axb4 44. Ra1 Rc7 45. f5 Rb7 46. Ra6 bxc3 47. bxc3 Bf8 48. Rae6 Nd6 49. Bf4 Ne4 50. R6xe4 dxe4 51. Rxe4 Rb3 52. c4 Rb1 53. c5 Rg1+ 54. Kf3 Be7 55. Be5 Rf1+ 56. Kg4 Rg1+ 57. Kf3 Rf1+ 58. Kg4 Rg1+ 59. Bg3 Bf6 60. c6 Rc1 61. c7 Rc4 62. Kf3 Bxd4 63. Rxd4 Rxd4 64. c8=Q Rd5 65. Qe6+ Kf8 66. Qxd5 g5 67. f6 g4+ 68. Kxg4 Ke8 69. Qe6+ Kf8 70. Qe7+ Kg8 71. Qg7# 1-0


[Site "https://www.chess.com"]

[Event "Titled Tuesday Blitz August 08 Late 2023"]
[White "Chor, Kevin"]
[Black "Skvortsov, Andrei"]
[WhiteFideId "2090740"]
[BlackFideId "24108600"]
[WhiteElo "2511"]
[BlackElo "2710"]
[Result "1-0"]
[Round "4"]
[TimeControl "180+1"]
[Date "2023.08.08"]
[WhiteClock "0:00:10"]
[BlackClock "0:01:48"]
[Board "63"]

1. e4 d5 2. exd5 Qxd5 3. Nc3 Qe5+ 4. Be2 Bg4 5. d4 Bxe2 6. Ngxe2 Qa5 7. O-O Nf6 8. b4 Qxb4 9. Rb1 Qc4 10. Rxb7 e6 11. Bf4 Na6 12. Qb1 Bb4 13. Qb3 Qxb3 14. cxb3 Kd7 15. Rc1 Rhb8 16. Rxb8 Rxb8 17. Na4 Rb5 18. Nec3 Ra5 19. Be5 Ne8 20. Ne4 f6 21. Bg3 Rd5 22. Rd1 Nd6 23. f3 Nf5 24. Bf2 e5 25. Nac3 Bxc3 26. Nxc3 Rd6 27. Nb5 Rd5 28. Nc3 Rxd4 29. Bxd4 exd4 30. g4 Kc6 31. gxf5 dxc3 32. Rc1 Nb4 33. Rxc3+ Kd6 34. a3 Nd5 35. Rd3 Ke5 36. Kf2 c6 37. b4 a6 38. Rb3 Kxf5 39. Rb1 Ke5 40. Rc1 Kd6 41. Ke2 Nf4+ 42. Ke3 Ne6 43. Rd1+ Kc7 44. Ke4 g6 45. f4 Ng7 46. Kd4 Ne6+ 47. Ke4 Ng7 48. a4 Nf5 49. Rc1 Kd6 50. Rc5 Kc7 51. Rxf5 gxf5+ 52. Kxf5 Kd6 53. Kxf6 a5 54. bxa5 c5 55. a6 Kc6 56. Ke5 Kb6 57. f5 c4 58. Kd4 1-0


[Site "https://www.chess.com"]

[Event "Titled Tuesday Blitz August 08 Late 2023"]
[White "chess123456s"]
[Black "Yi, Richard"]
[BlackFideId "2079518"]
[WhiteElo "2511"]
[BlackElo "2710"]
[Result "1-0"]
[Round "4"]
[TimeControl "180+1"]
[Date "2023.08.08"]
[WhiteClock "0:00:24"]
[BlackClock "0:00:00"]
[Board "64"]

1. Nf3 Nf6 2. e3 g6 3. b3 Bg7 4. Bb2 O-O 5. c4 c6 6. Be2 d5 7. O-O Bf5 8. d4 Nbd7 9. Nbd2 a5 10. Rc1 Ne4 11. Nh4 Nxd2 12. Qxd2 Be6 13. Bd3 a4 14. f4 Nf6 15. f5 Bd7 16. Qf2 e6 17. fxg6 fxg6 18. g3 axb3 19. axb3 Ng4 20. Qe2 Qg5 21. Rf4 Nf6 22. Rcf1 Qh6 23. R4f2 Nh5 24. Bc1 g5 25. Nf3 Bf6 26. e4 Be7 27. exd5 cxd5 28. cxd5 Ng7 29. dxe6 Qxe6 30. Bc4 Qxc4 31. Qxc4+ Kh8 32. Nxg5 1-0


[Site "https://www.chess.com"]

[Event "Titled Tuesday Blitz August 08 Late 2023"]
[White "Fiorito, Joaquin"]
[Black "Willy, Stephen"]
[WhiteFideId "180173"]
[BlackFideId "30981468"]
[WhiteElo "2708"]
[BlackElo "2510"]
[Result "0-1"]
[Round "4"]
[TimeControl "180+1"]
[Date "2023.08.08"]
[WhiteClock "0:00:32"]
[BlackClock "0:01:15"]
[Board "65"]

1. d4 Nf6 2. c4 e6 3. Nc3 Bb4 4. e3 c5 5. Ne2 d5 6. a3 Bxc3+ 7. Nxc3 cxd4 8. exd4 dxc4 9. Bxc4 O-O 10. O-O Bd7 11. Be3 Bc6 12. Qe2 Nbd7 13. Rad1 Nb6 14. Bd3 Nbd5 15. Bd2 Qd6 16. Rfe1 Nf4 17. Bxf4 Qxf4 18. Qe3 Qh4 19. h3 Rad8 20. Bb1 Nd5 21. Nxd5 Bxd5 22. Rc1 Rc8 23. Red1 g6 24. Rc5 b6 25. Rc3 Rxc3 26. Qxc3 Qg5 27. f3 Bb7 28. Qc7 Bxf3 0-1


[Site "https://www.chess.com"]

[Event "Titled Tuesday Blitz August 08 Late 2023"]
[White "Grinev, Valeriy"]
[Black "Papasimakopoulos, Alexandros"]
[WhiteFideId "14117517"]
[BlackFideId "4244125"]
[WhiteElo "2509"]
[BlackElo "2703"]
[Result "0-1"]
[Round "4"]
[TimeControl "180+1"]
[Date "2023.08.08"]
[WhiteClock "0:00:09"]
[BlackClock "0:02:09"]
[Board "66"]

1. e4 e6 2. d4 d5 3. e5 Bd7 4. Nf3 a6 5. a4 c5 6. c3 Qb6 7. a5 Qd8 8. dxc5 Bxc5 9. b4 Ba7 10. Bd3 Ne7 11. O-O Nbc6 12. Bf4 Ng6 13. Bg3 Rc8 14. Qe2 Bb8 15. Re1 Na7 16. h4 Ne7 17. h5 h6 18. Nd4 O-O 19. Ra2 Nec6 20. Nb3 Ne7 21. Nc5 Qc7 22. Nd2 Bb5 23. Ndb3 Bxd3 24. Qxd3 Nb5 25. Rc2 Nf5 26. Bf4 Ba7 27. g4 Ne7 28. Kg2 Qc6 29. f3 Na3 30. Rcc1 Nb5 31. Bg3 b6 32. axb6 Bxb6 33. Nxa6 Ra8 34. Nac5 Ra2+ 35. Rc2 Rfa8 36. Ree2 R2a3 37. Kh3 Bxc5 38. Nxc5 d4 39. Ne4 Nd5 40. cxd4 Rxd3 41. Rxc6 Nxd4 42. Rec2 Nxc2 43. Rxc2 Rxf3 44. Rc6 Nxb4 45. Rc7 Nd5 46. Rb7 Re3 47. Nd6 Raa3 48. Rb8+ Kh7 49. Nxf7 Rxg3+ 50. Kh2 g6 51. hxg6+ Kxg6 52. Nh8+ Kg5 53. Rg8+ Kf4 54. Ng6+ Ke4 55. Nf8 Rgb3 56. Nxe6 Rb2+ 57. Kg1 Ra1# 0-1


[Site "https://www.chess.com"]

[Event "Titled Tuesday Blitz August 08 Late 2023"]
[White "Jaferian, Koosha"]
[Black "Luczak, Filip"]
[WhiteFideId "12507440"]
[BlackFideId "1193686"]
[WhiteElo "2703"]
[BlackElo "2506"]
[Result "1-0"]
[Round "4"]
[TimeControl "180+1"]
[Date "2023.08.08"]
[WhiteClock "0:00:05"]
[BlackClock "0:00:01"]
[Board "67"]

1. e4 e6 2. d4 d5 3. Bd3 dxe4 4. Bxe4 Nf6 5. Bf3 Nbd7 6. Ne2 Bd6 7. Ng3 O-O 8. O-O e5 9. Nf5 exd4 10. Nxd6 cxd6 11. Qxd4 Ne5 12. Be2 Re8 13. Nc3 Nc6 14. Qh4 d5 15. Bd3 d4 16. Ne2 h6 17. Ng3 Ne5 18. Bf5 Ng6 19. Qh3 Bxf5 20. Nxf5 Qc8 21. Nxd4 Qxh3 22. gxh3 Rad8 23. c3 Nd5 24. Kg2 Re5 25. f4 Re4 26. Kg3 Rde8 27. Bd2 Ne3 28. Bxe3 Rxe3+ 29. Rf3 Re1 30. Rxe1 Rxe1 31. Rf2 Re3+ 32. Rf3 Re1 33. Rf2 Re3+ 34. Nf3 Ne7 35. Kg2 Nd5 36. Nd4 g5 37. fxg5 hxg5 38. Rf3 Re1 39. Rf5 Ne3+ 40. Kf2 Nxf5 41. Kxe1 Nxd4 42. cxd4 Kg7 43. Kf2 f5 44. Kf3 Kf6 45. h4 g4+ 46. Kf4 Kg6 47. d5 Kf6 48. h5 b6 49. d6 Ke6 50. h6 Kxd6 51. h7 g3 52. hxg3 1-0


[Site "https://www.chess.com"]

[Event "Titled Tuesday Blitz August 08 Late 2023"]
[White "Toncheva, Nadya"]
[Black "Matinian, Nikita"]
[WhiteFideId "2924056"]
[BlackFideId "24129100"]
[WhiteElo "2505"]
[BlackElo "2696"]
[Result "0-1"]
[Round "4"]
[TimeControl "180+1"]
[Date "2023.08.08"]
[WhiteClock "0:00:12"]
[BlackClock "0:00:21"]
[Board "68"]

1. d4 Nf6 2. c4 g6 3. Nc3 Bg7 4. e4 d6 5. Be2 O-O 6. Bg5 c5 7. d5 e5 8. Qd2 a6 9. h4 h5 10. f3 b5 11. cxb5 axb5 12. Bxb5 Qa5 13. Nge2 Ba6 14. Bxa6 Nxa6 15. O-O Rfb8 16. b3 Nd7 17. Nd1 Qxd2 18. Bxd2 Nb4 19. Nec3 Nc2 20. Rc1 Nb4 21. Ra1 Bf6 22. g3 Nc2 23. Rb1 Nd4 24. Nb2 Nb6 25. Nc4 Nxc4 26. bxc4 Rb4 27. Rxb4 cxb4 28. Nb5 Rxa2 29. Nxd4 exd4 30. Bxb4 d3 31. Rd1 Be5 32. f4 Bd4+ 33. Kh1 Ra1 34. Rxa1 Bxa1 35. Bd2 f5 36. Kg2 fxe4 37. Be3 Bd4 38. Kf2 d2 0-1


[Site "https://www.chess.com"]

[Event "Titled Tuesday Blitz August 08 Late 2023"]
[White "Sokolovsky, Yahli"]
[Black "Cheer_Down"]
[WhiteFideId "2820242"]
[WhiteElo "2694"]
[BlackElo "2476"]
[Result "1-0"]
[Round "4"]
[TimeControl "180+1"]
[Date "2023.08.08"]
[WhiteClock "0:00:07"]
[BlackClock "0:00:05"]
[Board "69"]

1. b3 e5 2. Bb2 Nc6 3. e3 d5 4. Nf3 e4 5. Nd4 Nxd4 6. Bxd4 Nf6 7. c4 c6 8. Nc3 Be7 9. cxd5 cxd5 10. Rc1 O-O 11. Be2 Be6 12. O-O a6 13. f3 exf3 14. Bxf3 Rc8 15. Bxf6 Bxf6 16. Nxd5 Rxc1 17. Nxf6+ Qxf6 18. Qxc1 Rc8 19. Qb1 Qe7 20. Rc1 Rc7 21. Rxc7 Qxc7 22. Be4 g6 23. Qc2 Qd7 24. Qd3 Qc7 25. Qc3 Qd7 26. Bf3 b6 27. d4 Bg4 28. Bxg4 Qxg4 29. Qd3 b5 30. d5 Kf8 31. e4 Qf4 32. g3 Qe5 33. Qc2 Qd4+ 34. Kg2 h5 35. Kf3 g5 36. h3 Kg7 37. g4 h4 38. Qe2 Qe5 39. Qe3 Qg3+ 40. Ke2 Qg2+ 41. Kd3 Qf1+ 42. Kd4 Qa1+ 43. Kc5 f6 44. d6 Qe5+ 45. Kc6 Kf7 46. Qa7+ Kg6 47. Qe7 Qc3+ 48. Kb7 Qc5 49. Qe8+ Kg7 50. d7 1-0


[Site "https://www.chess.com"]

[Event "Titled Tuesday Blitz August 08 Late 2023"]
[White "KarolKacprzak"]
[Black "Sathish, Pranav"]
[BlackFideId "30967538"]
[WhiteElo "2693"]
[BlackElo "2472"]
[Result "1/2-1/2"]
[Round "4"]
[TimeControl "180+1"]
[Date "2023.08.08"]
[WhiteClock "0:00:13"]
[BlackClock "0:00:22"]
[Board "70"]

1. Nf3 d5 2. b3 Bg4 3. Bb2 Nd7 4. e3 e5 5. Be2 Bd6 6. d4 e4 7. Ne5 Bxe2 8. Qxe2 c6 9. O-O Ngf6 10. c4 Qe7 11. cxd5 Nxd5 12. Nxd7 Qxd7 13. Nc3 Nxc3 14. Bxc3 O-O 15. Qh5 f5 16. Rad1 Qe6 17. Rd2 Qd5 18. Bb2 f4 19. Qxd5+ cxd5 20. Rc1 fxe3 21. fxe3 Rfc8 22. Rdc2 Rxc2 23. Rxc2 Kf7 24. Bc1 Ke6 25. h3 Kd7 26. Kf2 Rc8 27. Rxc8 Kxc8 28. Bd2 Kd7 29. Ke2 Ke6 30. Be1 g5 31. g4 h6 32. Kd1 b5 33. a4 a6 34. Ba5 Kd7 35. Kd2 b4 36. Bb6 Ke7 37. Kc2 Kd7 38. Kd2 Be7 39. Ke2 Kc6 40. Ba5 Kd7 41. Kf2 Kc6 42. Kg3 Bd6+ 43. Kg2 Be7 44. Kf1 Kd7 45. Ke2 Kc6 46. Kd2 Kd7 47. Ke2 Kc6 48. Kd1 Kd7 49. Kc2 Kc6 50. Kb1 Kd7 51. Kb2 Kc6 52. Ka1 Kd7 53. Ka2 Kc6 54. Kb1 Kd7 55. Kb2 Bd6 56. Kc1 Kc6 57. Bd8 Bf8 58. Bf6 Kd7 59. Kc2 Ke6 60. Be5 Kf7 61. Kd1 Bg7 62. Bd6 Bf8 63. Bc7 Ke8 64. Ke2 Kd7 65. Be5 Ke8 66. Kf1 Kf7 67. Kg2 Bg7 68. Bd6 Bf8 69. Bc7 Ke6 70. Be5 Kf7 71. h4 Bg7 72. Bd6 Bf8 73. Bc7 Ke6 74. Kh3 Kd7 75. Be5 Ke6 76. Bb8 Be7 77. Bc7 Bf8 78. Bd8 Be7 79. Ba5 Bf8 80. Bb6 Be7 81. Bc7 Bd6 82. Bd8 Be7 83. Bc7 1/2-1/2


[Site "https://www.chess.com"]

[Event "Titled Tuesday Blitz August 08 Late 2023"]
[White "Annaberdiyev, Meylis"]
[Black "szachmistrz2500"]
[WhiteFideId "14000563"]
[WhiteElo "2693"]
[BlackElo "2455"]
[Result "1/2-1/2"]
[Round "4"]
[TimeControl "180+1"]
[Date "2023.08.08"]
[WhiteClock "0:00:30"]
[BlackClock "0:00:06"]
[Board "71"]

1. e4 c5 2. Nf3 d6 3. d4 cxd4 4. Qxd4 a6 5. Bc4 e5 6. Qd3 h6 7. Nc3 Nf6 8. O-O Be7 9. a4 Be6 10. Nh4 O-O 11. Nf5 Bxf5 12. exf5 Nc6 13. Nd5 Nxd5 14. Bxd5 Nb4 15. Qe4 Nxd5 16. Qxd5 Qc7 17. c3 Qc6 18. Rd1 Rac8 19. Be3 Rfd8 20. a5 Qd7 21. Bb6 Re8 22. Qxe5 Bd8 23. Rxd6 Rxe5 24. Rxd7 Bxb6 25. axb6 Rb5 26. Rxb7 Rxb2 27. Rc7 Rb8 28. g4 R8xb6 29. Re1 Rb1 30. Rxb1 Rxb1+ 31. Kg2 Rb2 32. h4 f6 33. Kf3 a5 34. Ke3 a4 35. Ra7 Rc2 36. Rxa4 Rxc3+ 37. Kf4 Rc2 38. f3 Rc1 39. Ra8+ Kf7 40. Ra7+ Kf8 41. Ke4 Rd1 42. Ra8+ Kf7 43. Ra7+ Kf8 44. Kf4 Re1 45. Rc7 Re2 46. Rc4 Re1 47. Re4 Rh1 48. Kg3 Rg1+ 49. Kh3 Rf1 50. Kg2 Ra1 51. Re2 Kf7 52. Kg3 Rg1+ 53. Rg2 Rf1 54. Kf4 Rh1 55. Kg3 Rf1 56. Rf2 Rg1+ 57. Kh2 Ra1 58. Rb2 Rf1 59. Rb7+ Kf8 60. Kg2 Rc1 61. Rb8+ Kf7 62. Rb2 Kf8 63. Re2 Kf7 64. Kg3 Kf8 65. Kf4 Rh1 66. Kg3 Rg1+ 67. Rg2 Rh1 68. f4 Rf1 69. Rf2 Rg1+ 70. Rg2 Rh1 71. g5 hxg5 72. fxg5 fxg5 73. hxg5 Ra1 74. Rc2 Ra4 75. Rc8+ Kf7 76. Rc7+ Kf8 77. g6 Rb4 78. Rf7+ Kg8 79. Rd7 Kf8 80. Kf3 Ra4 81. Rf7+ Kg8 82. Rd7 Kf8 83. Ke3 Rh4 84. Rf7+ Kg8 85. Re7 Kf8 86. Re4 Rh3+ 87. Kf4 Rh1 88. Ke5 Ra1 89. Rd4 Ra5+ 90. Rd5 Ra6 91. Rd6 Ra5+ 92. Ke6 Ra8 93. Rd7 Re8+ 94. Kd6 Re1 95. Rf7+ Kg8 96. Re7 Rd1+ 97. Ke6 Re1+ 98. Kd7 Rd1+ 99. Kc8 Rc1+ 100. Kd8 Rd1+ 101. Ke8 Rf1 102. Kd8 Rxf5 103. Re8+ Rf8 104. Ke7 Rxe8+ 105. Kxe8 Kh8 106. Ke7 Kg8 107. Ke8 Kh8 108. Kf7 1/2-1/2


[Site "https://www.chess.com"]

[Event "Titled Tuesday Blitz August 08 Late 2023"]
[White "Rastbod, Ali"]
[Black "Kielinkei"]
[WhiteFideId "12567477"]
[WhiteElo "2688"]
[BlackElo "2452"]
[Result "1-0"]
[Round "4"]
[TimeControl "180+1"]
[Date "2023.08.08"]
[WhiteClock "0:00:23"]
[BlackClock "0:00:06"]
[Board "72"]

1. e4 c5 2. Nc3 a6 3. d4 cxd4 4. Qxd4 Nc6 5. Qe3 d6 6. b3 Nf6 7. Bb2 g6 8. O-O-O Bg7 9. Kb1 O-O 10. h3 Qc7 11. f4 e5 12. Nf3 exf4 13. Qxf4 Ne5 14. Nxe5 dxe5 15. Qf3 Be6 16. g4 Rac8 17. Rh2 b5 18. Rhd2 Rfd8 19. g5 Rxd2 20. Rxd2 Nh5 21. Ne2 b4 22. h4 a5 23. Bh3 Bxh3 24. Qxh3 a4 25. Qd7 axb3 26. Qxc7 bxa2+ 27. Kxa2 Rxc7 28. Rd8+ Bf8 29. Bxe5 Ra7+ 30. Kb1 Ng7 31. Nf4 Ne6 32. Nxe6 fxe6 33. Bd6 Rf7 34. Kb2 Kg7 35. Bxf8+ Rxf8 36. Rxf8 Kxf8 37. Kb3 Ke7 38. e5 Kd7 39. Kxb4 Kc6 40. c4 Kb6 41. c5+ Kc6 42. Kc4 Kc7 43. Kb5 1-0


[Site "https://www.chess.com"]

[Event "Titled Tuesday Blitz August 08 Late 2023"]
[White "Kubatko, Ivan"]
[Black "Eugene, Floryan"]
[WhiteFideId "24111473"]
[BlackFideId "20694784"]
[WhiteElo "2452"]
[BlackElo "2671"]
[Result "1-0"]
[Round "4"]
[TimeControl "180+1"]
[Date "2023.08.08"]
[WhiteClock "0:00:13"]
[BlackClock "0:00:11"]
[Board "73"]

1. e4 c5 2. c3 d5 3. exd5 Qxd5 4. d4 Nc6 5. Nf3 Bg4 6. Be2 e6 7. h3 Bh5 8. Be3 cxd4 9. cxd4 Bb4+ 10. Nc3 Nge7 11. O-O Qa5 12. Qb3 O-O 13. a3 Bd6 14. Ne4 Bc7 15. Qxb7 Rab8 16. Qa6 Rxb2 17. Nc5 Rfb8 18. Rfc1 Bb6 19. Nd7 Bxf3 20. Qxa5 Bxa5 21. Bxf3 Rc8 22. Ne5 Nd8 23. Rxc8 Nxc8 24. Nc4 Rb5 25. a4 Bc3 26. Rc1 Rb3 27. Bd1 Bb2 28. Bxb3 Bxc1 29. Bxc1 Nc6 30. Be3 Nb4 31. Kf1 Kf8 32. Ke2 Ke8 33. Kd2 Kd7 34. Kc3 Nd5+ 35. Kb2 Nf6 36. Ne5+ Ke8 37. a5 Ne4 38. Ba4+ Ke7 39. f3 Ned6 40. Bd2 f6 41. Nd3 Kd8 42. Bb4 Nf7 43. Kc3 Ng5 44. Bc6 Nf7 45. g4 Kc7 46. Bb5 Nd8 47. Bc4 Nd6 48. Nc5 e5 49. Ne6+ Nxe6 50. Bxe6 Nb5+ 51. Kd3 Nxd4 52. Bd5 Nb5 53. Bc4 Nd4 54. Bd5 Nb5 55. Be4 Nd4 56. Bc3 Ne6 57. Bxh7 Ng5 58. Be4 Nxh3 59. Bd2 Kd6 60. Be3 g5 61. Bxa7 Nf4+ 62. Kc4 Ne6 63. Be3 Nc7 64. Kb4 Kd7 65. Ka4 Kc8 66. Bd3 Kb7 67. a6+ Ka8 68. Ka5 f5 69. gxf5 Nd5 70. Bc5 Nf6 71. Be4+ Kb8 72. Bd6+ Kc8 73. Bxe5 g4 74. Bxf6 g3 75. Bd4 g2 76. Bg1 Kb8 77. Kb4 Kc7 78. Kc3 Kd6 79. Kd2 Ke5 80. Ke1 Kf4 81. Kf2 Kg5 82. Kxg2 Kf6 83. a7 Kg5 84. a8=Q Kf4 85. Qc6 Kg5 86. f6 Kf4 87. f7 Ke5 88. Qc7+ Ke6 89. Bd5+ Kxd5 90. f8=Q Ke6 91. Qff7# 1-0


[Site "https://www.chess.com"]

[Event "Titled Tuesday Blitz August 08 Late 2023"]
[White "GaiozNigalidze"]
[Black "Fisher_TheGalactic"]
[WhiteElo "2417"]
[BlackElo "2668"]
[Result "1-0"]
[Round "4"]
[TimeControl "180+1"]
[Date "2023.08.08"]
[WhiteClock "0:00:17"]
[BlackClock "0:00:02"]
[Board "74"]

1. c4 c5 2. Nf3 Nf6 3. g3 Nc6 4. Bg2 e6 5. O-O Be7 6. Nc3 O-O 7. d4 d5 8. cxd5 Nxd5 9. Nxd5 exd5 10. dxc5 Bxc5 11. Bf4 Bf5 12. Rc1 Bb6 13. Ne1 Be4 14. Nd3 Qe7 15. a3 Rfe8 16. Re1 Rad8 17. b4 Nd4 18. Be3 Bxg2 19. Kxg2 Qe4+ 20. Kg1 Nxe2+ 21. Qxe2 d4 22. Bg5 Qxe2 23. Rxe2 Rxe2 24. Bxd8 Bxd8 25. Rc8 Re8 26. Rb8 b6 27. Ra8 a5 28. Kg2 Kf8 29. Kf3 axb4 30. axb4 g6 31. h4 h5 32. Ra7 Re7 33. Ra8 Re8 34. Ra7 Re6 35. Nf4 Rd6 36. Ke4 Kg7 37. Rb7 Bf6 38. b5 Bd8 39. Ra7 Bf6 40. Rc7 Rd8 41. Rc6 Re8+ 42. Kd3 Rb8 43. Nd5 Bd8 44. Kxd4 Ra8 45. Nxb6 Ra2 46. Nc4 Rxf2 47. Rc8 Bf6+ 48. Kd5 Rf3 49. b6 Rd3+ 50. Kc6 Rc3 51. Kd5 Rd3+ 52. Kc5 Bd4+ 53. Kb5 Bxb6 54. Kxb6 Rxg3 55. Rc7 Rc3 56. Kc5 Rf3 57. Ne5 Rf5 58. Kd5 Rf4 59. Kd6 Rf6+ 60. Kd5 Rf5 61. Ke4 Rf6 62. Nf3 Re6+ 63. Kf4 Rf6+ 64. Kg3 Rb6 65. Ng5 Rf6 66. Rd7 Rf5 67. Rc7 Kg8 68. Ne4 Kg7 69. Nd6 Rf6 70. Ne8+ 1-0


[Site "https://www.chess.com"]

[Event "Titled Tuesday Blitz August 08 Late 2023"]
[White "Weishaeutel, Moritz"]
[Black "Pinto, Daniel"]
[WhiteFideId "12967300"]
[BlackFideId "3303144"]
[WhiteElo "2653"]
[BlackElo "2411"]
[Result "1-0"]
[Round "4"]
[TimeControl "180+1"]
[Date "2023.08.08"]
[WhiteClock "0:02:40"]
[BlackClock "0:01:44"]
[Board "75"]

1. e4 c6 2. Nc3 d5 3. Qe2 e6 4. d4 dxe4 5. Qxe4 Nf6 6. Qh4 Be7 7. Bg5 O-O 8. Bd3 h6 9. Bxh6 gxh6 10. Qxh6 Qxd4 11. Nf3 Qg4 12. Ng5 Rd8 13. Bh7+ Nxh7 14. Qxh7+ Kf8 15. Qxf7# 1-0


[Site "https://www.chess.com"]

[Event "Titled Tuesday Blitz August 08 Late 2023"]
[White "Ozdemir, Serhan Berat"]
[Black "Rego, Pedro Filipe"]
[WhiteFideId "6374611"]
[BlackFideId "1904310"]
[WhiteElo "2648"]
[BlackElo "2397"]
[Result "0-1"]
[Round "4"]
[TimeControl "180+1"]
[Date "2023.08.08"]
[WhiteClock "0:00:00"]
[BlackClock "0:01:04"]
[Board "76"]

1. e4 c5 2. Nf3 d6 3. d4 cxd4 4. Nxd4 Nf6 5. Nc3 Nc6 6. Bg5 e6 7. Qd2 a6 8. O-O-O Bd7 9. f4 Be7 10. Kb1 b5 11. Nxc6 Bxc6 12. Bxf6 Bxf6 13. Qxd6 Qb6 14. Nd5 exd5 15. exd5 Be7 16. Re1 Ra7 17. dxc6 Qd8 18. Qc5 Rc7 19. Bd3 O-O 20. Qf5 g6 21. Qe4 Bf6 22. h4 Qd6 23. h5 Re7 24. Qf3 Rxe1+ 25. Rxe1 Qb4 26. c3 Bxc3 27. Re2 Bf6 28. hxg6 hxg6 29. Rc2 Re8 0-1


[Site "https://www.chess.com"]

[Event "Titled Tuesday Blitz August 08 Late 2023"]
[White "Hua, Lefong"]
[Black "Ncatt"]
[WhiteFideId "2602253"]
[WhiteElo "2646"]
[BlackElo "2388"]
[Result "1-0"]
[Round "4"]
[TimeControl "180+1"]
[Date "2023.08.08"]
[WhiteClock "0:00:09"]
[BlackClock "0:00:04"]
[Board "77"]

1. d4 d5 2. c4 c6 3. Nf3 Nf6 4. Nc3 e6 5. e3 Nbd7 6. Qc2 Bd6 7. b3 O-O 8. Be2 e5 9. cxd5 cxd5 10. Nb5 Bb4+ 11. Bd2 Bxd2+ 12. Nxd2 a6 13. dxe5 Nxe5 14. Nd4 Bg4 15. Bxg4 Nfxg4 16. h3 Rc8 17. Qb1 Qh4 18. O-O Nh6 19. N2f3 Qf6 20. Nxe5 Qxe5 21. Rd1 Qe4 22. Qb2 Nf5 23. Rd2 Rfd8 24. Rad1 Nh4 25. f3 Qxe3+ 26. Kh1 h6 27. Re2 Qc3 28. Qa3 Ng6 29. Nf5 Qf6 30. Nd4 Nf4 31. Red2 Re8 32. Qb4 b5 33. Qa5 Re7 34. a4 bxa4 35. Qxa4 Rce8 36. Nc6 Re1+ 37. Rxe1 Rxe1+ 38. Kh2 Qg5 39. Qd4 Ne6 40. Qxd5 Qf4+ 41. g3 Qf6 42. Ne5 Qe7 43. Ng4 Qa3 44. Nf2 Qc1 45. Qa8+ Kh7 46. Qd5 Rf1 47. Kg2 Qe1 48. Qf5+ Kg8 49. Qd3 a5 50. Rc2 Rg1+ 51. Kh2 Ng5 52. Rc8+ Qe8 53. Rxe8# 1-0


[Site "https://www.chess.com"]

[Event "Titled Tuesday Blitz August 08 Late 2023"]
[White "Wieczorek, Oskar"]
[Black "Hoffmann, Asa"]
[WhiteFideId "1133950"]
[BlackFideId "2001470"]
[WhiteElo "2644"]
[BlackElo "2366"]
[Result "1-0"]
[Round "4"]
[TimeControl "180+1"]
[Date "2023.08.08"]
[WhiteClock "0:00:38"]
[BlackClock "0:00:05"]
[Board "78"]

1. e4 d6 2. d4 Nf6 3. f3 Nbd7 4. c4 e5 5. Be3 Be7 6. Ne2 c6 7. Nbc3 Qc7 8. Qd2 a6 9. d5 c5 10. a4 b6 11. g4 h6 12. Ng3 Nf8 13. h4 Bd7 14. Bd3 Rb8 15. Kf2 Bxg4 16. fxg4 Nxg4+ 17. Kg2 Nxe3+ 18. Qxe3 Ng6 19. Nf5 Nf4+ 20. Kf2 g6 21. Nxe7 Qxe7 22. Ne2 Qf6 23. Nxf4 exf4 24. Qd2 Kd7 25. Qc3 Qd4+ 26. Qxd4 cxd4 27. Kf3 g5 28. a5 bxa5 29. hxg5 hxg5 30. Rxh8 Rxh8 31. Kg4 f6 32. Rxa5 Rh4+ 33. Kf5 Rh3 34. Ra3 Re3 35. Kg4 Ke7 36. b4 Kf7 37. b5 axb5 38. cxb5 f3 39. Kg3 g4 40. b6 f5 41. exf5 1-0


[Site "https://www.chess.com"]

[Event "Titled Tuesday Blitz August 08 Late 2023"]
[White "Domingo Nunez, Ruben"]
[Black "Deviprasath, Sharvesh"]
[WhiteFideId "22245570"]
[BlackFideId "30938228"]
[WhiteElo "2638"]
[BlackElo "2358"]
[Result "0-1"]
[Round "4"]
[TimeControl "180+1"]
[Date "2023.08.08"]
[WhiteClock "0:00:37"]
[BlackClock "0:01:08"]
[Board "79"]

1. Nf3 g6 2. g3 Bg7 3. Bg2 Nf6 4. O-O O-O 5. d3 d5 6. Nbd2 d4 7. a3 Nc6 8. b4 a6 9. Bb2 Nd5 10. Nb1 e5 11. Qc1 h6 12. c4 dxc3 13. Nxc3 Be6 14. Ne4 Bc8 15. Qc4 Nb6 16. Qc2 Kh7 17. Rac1 Nd5 18. Rfd1 Re8 19. Nc5 b6 20. Nxa6 Bb7 21. b5 Nd4 22. Nxd4 exd4 23. Nxc7 Rc8 24. Qb3 Rxc7 25. Rxc7 Qxc7 26. Bxd5 Bxd5 27. Qxd5 Qc2 28. Rc1 Qxb2 29. Rc7 Qxe2 30. Qxf7 Rg8 31. a4 Qxd3 32. Rc6 Qd2 33. Qxg6+ Kh8 34. Rd6 Rf8 35. f4 Qe1+ 36. Kg2 Qe2+ 37. Kh3 Qf1+ 38. Kh4 Qg2 39. h3 Qf3 40. Rxb6 d3 41. Rd6 d2 42. Qd3 Bf6+ 43. Rxf6 Qxd3 44. Rxf8+ Kg7 0-1


[Site "https://www.chess.com"]